 Dungeon Crawl Stone Soup version 0.25.1-2-g60ff931df9 (webtiles) character file.

Game seed: 6541710145193422106

3968 gruber the Carver (level 10, -1/71 HPs)
             Began as a Demonspawn Fighter on Sept 21, 2020.
             Slain by a skeletal warrior
             ... wielding a +0 mace
              (6 damage)
             ... on level 8 of the Dungeon.
             The game lasted 00:07:24 (6586 turns).

gruber the Carver (Demonspawn Fighter)              Turns: 6586, Time: 00:07:24

Health: -1/71      AC:  9    Str: 21    XL:     10   Next: 2%
Magic:  10/10      EV:  8    Int:  9    God:
Gold:   480        SH:  9    Dex: 12    Spells: 9/9 levels left

rFire    . . .     SeeInvis .   F - +2 long sword (freeze)
rCold    . . .     Gourm    .   c - +0 kite shield
rNeg     . . .     Faith    .   r - +1 ring mail {rPois}
rPois    +         Spirit   .   (helmet restricted)
rElec    .         Reflect  .   q - scarf {repulsion}
rCorr    .         Harm     .   (no gloves)
MR       .....                  p - +0 pair of boots
Stlth    +.........             i - amulet of magic regeneration
HPRegen  2.21/turn              z - +4 ring of slaying
MPRegen  0.37/turn              (no ring)

@: mighty, repel missiles
A: antennae 1, claws 2, powered by death 3
a: no special abilities


You were on level 8 of the Dungeon.
You were hungry.

You visited 2 branches of the dungeon, and saw 9 of its levels.
You also visited: Sewer.

You collected 480 gold pieces.

Inventory:

Hand Weapons
 a - a +0 long sword
 v - a +2 short sword of draining
 F - a +2 long sword of freezing (weapon)
Armour
 c - a +0 kite shield (worn)
 p - a +0 pair of boots (worn)
 q - a scarf of repulsion (worn)
 r - a +1 ring mail of poison resistance (worn)
Jewellery
 b - an uncursed amulet of regeneration {unknown}
 i - an amulet of magic regeneration (around neck)
 z - a +4 ring of slaying (left claw)
 A - an uncursed ring of fire {unknown}
 C - an uncursed amulet of faith {unknown}
 E - a +6 ring of strength {unknown}
Wands
 J - a wand of acid (9)
Scrolls
 e - 5 scrolls of blinking {unknown}
 h - a scroll of immolation {unknown}
 j - 2 scrolls of enchant weapon {unknown}
 k - 5 scrolls of teleportation {unknown}
 l - 9 scrolls of identify {unknown}
 m - 3 scrolls of enchant armour {unknown}
 s - 3 scrolls of random uselessness {unknown}
 y - 2 scrolls of remove curse {unknown}
 B - 2 scrolls of amnesia {unknown}
 D - a scroll of fear {unknown}
 H - a scroll of fog {unknown}
Potions
 d - 3 potions of might
 g - 2 potions of stabbing {unknown}
 n - a potion of lignification {unknown}
 o - 8 potions of heal wounds
 t - 3 potions of brilliance {unknown}
 u - 4 potions of haste
 w - 6 potions of curing {unknown}
 x - 5 potions of flight {unknown}
 G - a potion of cancellation {unknown}
Comestibles
 f - 19 rations
 I - 7 chunks of flesh


   Skills:
 - Level 4.0 Fighting
 - Level 11.0 Long Blades
 * Level 7.4 Armour
 - Level 2.6 Shields


You had 9 spell levels left.
You didn't know any spells.
Your spell library contained the following spells:

 Spells                   Type           Power        Failure   Level  Hunger
 Summon Small Mammal      Summ           #...         97%         1    ##.....
 Call Imp                 Summ           #.......     99%         2    ###....
 Call Canine Familiar     Summ           #.......     100%        3    ####...
 Summon Guardian Golem    Hex/Summ       #.......     100%        3    ####...
 Summon Ice Beast         Ice/Summ       #.......     100%        4    #####..
 Summon Lightning Spire   Summ/Air       #.......     100%        4    #####..


Dungeon Overview and Level Annotations

Branches:
Dungeon (8/15)             Temple (1/1) D:6           Sewer (visited)
   Lair: D:8-11

Altars:
Ashenzari
Cheibriados
Dithmenos
Elyvilon
Fedhas
Gozag
Hepliaklqana
Kikubaaqudgha
Nemelex Xobeh
Okawaru
Qazlal
Ru
Sif Muna
Trog
Uskayaw
Vehumet
Wu Jian
Xom
Yredelemnul
Zin
The Shining One

Shops:
D:6 [


Innate Abilities, Weirdness & Mutations

You have a pair of small antennae on your head.
You have very sharp fingernails.
You regenerate a lot of health from kills.


Message History

The skeletal warrior is lightly damaged.
The skeletal warrior completely misses you.
You slash the skeletal warrior! You freeze the skeletal warrior.
The skeletal warrior is heavily damaged.
You block the skeletal warrior's attack.
You hit the skeletal warrior.
The skeletal warrior is heavily damaged.
The skeletal warrior hits you with a +0 mace.
* * * LOW HITPOINT WARNING * * *
Unknown command.
You slash the skeletal warrior! You freeze the skeletal warrior.
The skeletal warrior is severely damaged.
You hit the skeletal warrior but do no damage.
The skeletal warrior is severely damaged.
The skeletal warrior hits you with a +0 mace!
* * * LOW HITPOINT WARNING * * *
You closely miss the skeletal warrior.
The skeletal warrior is severely damaged.
The skeletal warrior hits you with a +0 mace.
You die...

###....#####
#......##
##..........
#...........
#..########..
#..#.. #
#..#.######
#..#.#.....######
#..#.#.####@zh..#
#..#.#.#..)####.#
#..#.#.#.##○..#
#..#÷#)#.#{##.#
#.#.#.#.#(.(# #
...#.#.#.##(#.#
##..#.#.#...##.#
#..#.#.#### #
#..#.#..


You could see a skeletal warrior and a hound.

Vanquished Creatures
  Pikel (D:4)
  An efreet (D:8)
  Sigmund (D:3)
  Eustachio (D:4)
  A wraith (D:8)
  A hungry ghost (D:7)
  2 ice beasts
  An orc warrior (D:6)
  2 slaves (D:4)
  3 ogres
  2 centaurs
  4 big kobolds (Sewer)
  2 scorpions
  6 killer bees (D:7)
  3 howler monkeys (D:5)
  A centaur zombie (D:7)
  A crimson imp (D:5)
  2 bullfrog zombies
  2 hounds
  A quasit (D:7)
  6 orc priests
  4 jellies
  2 bullfrog skeletons
  4 iguanas
  Jessica (D:2)
  3 orc wizards (D:5)
  4 worker ants
  A hound zombie (D:5)
  A hound skeleton (D:5)
  A worker ant zombie (D:5)
  9 adders
  4 gnolls (D:4)
  3 river rats (Sewer)
  2 shadow imps (D:7)
  An ooze (D:4)
  An adder skeleton (D:5)
  3 worms
  3 dart slugs
  4 leopard geckos
  26 orcs
  8 ball pythons
  7 bats
  12 giant cockroaches
  10 goblins
  8 hobgoblins
  2 jackals (D:7)
  24 kobolds
  2 quokkas
  3 frilled lizards
  A leopard gecko skeleton (D:5)
  2 quokka skeletons (D:4)
  A quokka zombie (D:5)
  27 rats
228 creatures vanquished.

Vanquished Creatures (others)
  A slave (D:4)
  2 hounds (D:4)
  2 orc wizards (D:4)
  4 gnolls (D:4)
  A quokka (D:4)
10 creatures vanquished.

Grand Total: 238 creatures vanquished

Notes
Turn   | Place    | Note
-------+----------+-------------------------------------------
     0 | D:1      | gruber the Demonspawn Fighter began the quest for the Orb.
     0 | D:1      | Reached XP level 1. HP: 18/18 MP: 1/1
   128 | D:1      | Reached skill level 2 in Long Blades
   164 | D:1      | Gained mutation: You regenerate a little health from kills.
                  | [demonic ancestry]
   164 | D:1      | Reached XP level 2. HP: 23/24 MP: 2/2
   459 | D:1      | Reached XP level 3. HP: 28/30 MP: 3/3
   781 | D:2      | Noticed Jessica
   799 | D:2      | Killed Jessica
   799 | D:2      | Reached skill level 3 in Long Blades
   799 | D:2      | Gained mutation: You regenerate health from kills. [demonic
                  | ancestry]
   799 | D:2      | Reached XP level 4. HP: 24/37 MP: 4/4
   811 | D:2      | Found a sacrificial altar of Ru.
  1128 | D:2      | Found a snail-covered altar of Cheibriados.
  1701 | D:3      | Found a glowing drain.
  1712 | D:3      | Reached skill level 4 in Long Blades
  1720 | Sewer    | Entered a sewer
  1740 | Sewer    | Reached XP level 5. HP: 42/42 MP: 5/5
  1884 | Sewer    | Reached skill level 5 in Long Blades
  1884 | Sewer    | Gained mutation: You have a pair of small antennae on your
                  | head. [demonic ancestry]
  1884 | Sewer    | Reached XP level 6. HP: 43/48 MP: 6/6
  2163 | Sewer    | Reached skill level 6 in Long Blades
  2495 | D:3      | Noticed Sigmund
  2515 | D:3      | Killed Sigmund
  2515 | D:3      | Reached skill level 7 in Long Blades
  2515 | D:3      | Reached XP level 7. HP: 25/54 MP: 7/7
  3044 | D:4      | Noticed Pikel
  3114 | D:4      | Killed Pikel
  3114 | D:4      | Reached skill level 8 in Long Blades
  3114 | D:4      | Gained mutation: You regenerate a lot of health from kills.
                  | [demonic ancestry]
  3114 | D:4      | Reached XP level 8. HP: 13/60 MP: 8/8
  3199 | D:4      | Reached skill level 9 in Long Blades
  3434 | D:4      | Noticed Eustachio
  3447 | D:4      | Killed Eustachio
  3505 | D:4      | Found a white marble altar of Elyvilon.
  3779 | D:4      | Found an ancient bone altar of Kikubaaqudgha.
  4026 | D:5      | Entered Level 5 of the Dungeon
  4103 | D:5      | Reached skill level 10 in Long Blades
  4133 | D:5      | Found an opulent altar of Gozag.
  4316 | D:5      | Gained mutation: You have sharp fingernails. [demonic
                  | ancestry]
  4316 | D:5      | Reached XP level 9. HP: 65/65 MP: 9/9
  4987 | D:6      | Reached skill level 11 in Long Blades
  5119 | D:6      | Found a staircase to the Ecumenical Temple.
  5123 | D:6      | Found Voetet's Antique Armour Shop.
  5148 | Temple   | Entered the Ecumenical Temple
  5927 | D:7      | Reached skill level 5 in Armour
  6570 | D:8      | Noticed a skeletal warrior
  6575 | D:8      | Noticed an efreet
  6580 | D:8      | Killed an efreet
  6580 | D:8      | Gained mutation: You have very sharp fingernails. [demonic
                  | ancestry]
  6580 | D:8      | Reached XP level 10. HP: 24/71 MP: 10/10
  6585 | D:8      | HP: 3/71 [skeletal warrior/+0 mace (15)]
  6586 | D:8      | Slain by a skeletal warrior

Illustrated notes

Levels and vault maps discovered:
D:1:      minmay_arrival_checkered_box, layout_basic, minmay_worlds_worst_comb
D:2:      layout_rooms, overflow_temple_1_default,
          nicolae_ru_sacrificial_ziggurat, uniq_jessica
D:3:      layout_basic, cheibrodos_sewer_entry_drain, minmay_misc_feat_chi,
          minmay_misc_feat_pillars, uniq_sigmund
D:4:      layout_loops_ring, kennysheep_mini_moat, marbit_many_paths,
          uniq_pikel, uniq_eustachio
D:5:      kb_forest_paths, layout_loops_ring, overflow_temple_1_default,
          first_ration, grunt_ministairs_4, minmay_misc_feat_plants
D:6:      layout_basic, minmay_temple_entry_hall, serial_shops, shop,
          minmay_misc_feat_enclosed
D:7:      layout_loops_ring
D:8:      minmay_distorted_concentric_squares, layout_basic,
          kennysheep_little_box
Temple:   regret_index_temple_sphere_string

Skill      XL: |  1  2  3  4  5  6  7  8  9 |
---------------+----------------------------+-----
Long Blades    | 2 3 4 5 7 8 10 11 | 11.0
Fighting       | 4 |  4.0
Armour         | 7 |  7.4
Shields        | |  2.6

Action                   |  1- 3 |  4- 6 |  7- 9 | 10-12 || total
-------------------------+-------+-------+-------+-------++-------
Melee: Long sword        |    90 |   106 |   127 |     6 ||   329
       Short sword       |       |   159 |   268 |       ||   427
  Use: Potion            |       |     1 |     1 |       ||     2
  Eat: Chunk             |       |     6 |    12 |       ||    18
       Ration            |       |       |     1 |       ||     1
Armor: Scale mail        |    42 |     7 |       |       ||    49
       Ring mail         |       |   145 |   118 |       ||   263
Dodge: Dodged            |    30 |    99 |   127 |     1 ||   257
       Repelled          |       |     2 |     2 |       ||     4
Block: Kite shield       |    51 |   162 |   169 |     1 ||   383
       Rpst.: Long sword |    13 |    11 |    11 |       ||    35
